 Dungeon Crawl Stone Soup version 0.28-a0-10-g964c8b829e (webtiles) character file.

Game seed: 10178037077025195963

110 mandarbmax the Chucker (level 4, -2/45 HPs)
             Began as an Ogre Arcane Marksman on July 26, 2021.
             Slain by Edmund (6 damage)
             ... on level 3 of the Dungeon.
             The game lasted 00:06:23 (2792 turns).

mandarbmax the Chucker (Ogre Arcane Marksman)       Turns: 2792, Time: 00:06:24

Health: -2/45      AC:  3    Str: 15    XL:     4   Next: 91%
Magic:  6/7        EV: 10    Int: 14    God:
Gold:   63         SH:  0    Dex:  9    Spells: 3/7 levels left

rFire   . . .      SeeInvis .   d - +1 dagger (vamp)
rCold   . . .      Faith    .   (no shield)
rNeg    . . .      Spirit   .   a - +0 robe
rPois   .          Reflect  .   (helmet restricted)
rElec   .          Harm     .   (no cloak)
rCorr   .          Rampage  .   (gloves unavailable)
Will    .....                   (boots unavailable)
Stlth   +.........              (no amulet)
HPRegen 0.15/turn               (no ring)
MPRegen 0.10/turn               (no ring)

@: no status effects
A: large, unfitting armour, tough skin 1
a: no special abilities


You were on level 3 of the Dungeon.
You visited 1 branch of the dungeon, and saw 4 of its levels.

You collected 73 gold pieces.
You spent 10 gold pieces at shops.

Inventory:

Hand Weapons
 d - a +1 vampiric dagger (weapon)
Missiles
 c - 2 throwing nets (quivered)
 s - 5 atropa-tipped darts
Armour
 a - a +0 robe (worn)
Wands
 n - a wand of mindburst (9)
Scrolls
 e - a scroll of blinking {unknown}
 f - a scroll of amnesia {unknown}
 g - a scroll of enchant armour {unknown}
 k - a scroll of identify {unknown}
 l - a scroll of immolation {unknown}
 p - a scroll of acquirement {unknown}
 q - a scroll of teleportation {unknown}
Potions
 h - a potion of might {unknown}
 i - a potion of lignification {unknown}
 m - a potion of brilliance {unknown}
 o - a potion of haste {unknown}


   Skills:
 + Level 3.2 Fighting
 * Level 3.6 Throwing
 - Level 2.0 Dodging
 - Level 2.0 Spellcasting
 - Level 3.0 Hexes


You had 3 spell levels left.
You knew the following spells:

 Your Spells              Type           Power      Damage    Failure   Level
a - Corona                Hex            10%        N/A       7%          1
b - Portal Projectile     Hex/Tloc       10%        N/A       36%         3

Your spell library contained the following spells:

 Spells                   Type           Power      Damage    Failure   Level
 Slow                     Hex            9%         N/A       11%         2
 Inner Flame              Hex/Fire       5%         N/A       36%         3
 Cause Fear               Hex            4%         N/A       56%         4


Dungeon Overview and Level Annotations

Branches:
Dungeon (4/15)
 Temple: D:4-7

Altars:

Shops:
D:2 !

Annotations:
D:3 Edmund


Innate Abilities, Weirdness & Mutations

You are too large for most types of armour.
You have tough skin. (AC +1)


Message History

Unknown command.
Casting: Corona (safe; 7% risk of failure)
Confirm with . or Enter, or press ? or * to list all spells.
Okay, then.
Casting: Corona (safe; 7% risk of failure)
Confirm with . or Enter, or press ? or * to list all spells.
Aiming: Corona (safe; 7% risk of failure)
Press: ? - help, Shift-Dir - straight line, f/p - Edmund
Aim: Edmund, wielding a +1 flail of protection and wearing a +0 scale mail (chance to affect: 44%) Edmund resists with significant effort.
You throw a large rock. The large rock hits Edmund!
Edmund is moderately wounded.
Edmund hits you with a +1 flail of protection!
You climb upwards.
There is a stone staircase leading down here.
Okay, then.
Casting: Corona (safe; 7% risk of failure)
Confirm with . or Enter, or press ? or * to list all spells.
Aiming: Corona (safe; 7% risk of failure)
Press: ? - help, Shift-Dir - straight line, f - Edmund
Aim: Edmund, wielding a +1 flail of protection and wearing a +0 scale mail (moderately wounded, chance to affect: 44%) Edmund is outlined in light.
Edmund hits you with a +1 flail of protection!
You throw a large rock. The large rock hits Edmund!
Edmund is heavily wounded.
Edmund grinds his teeth, and then sighs.
Edmund hits you with a +1 flail of protection! x2
* * * LOW HITPOINT WARNING * * *
Unknown command.
Okay, then.
Edmund gestures with his flail.
Edmund gestures with his flail.
Throw: large rock
Press: ? - help, Q - select action, (/) - cycle Shift-Dir - straight line, f/p - Edmund
Aim: Edmund, wielding a +1 flail of protection and wearing a +0 scale mail (heavily wounded, softly glowing, 80% to hit)
You throw a large rock. The large rock hits Edmund.
Edmund is heavily wounded.
Edmund stops glowing.
Edmund hits you with a +1 flail of protection.
You die...

................#####.....#
............###...........####
#...........###..............#
.............................#
..........#.##...###.........#
#............#...........#####
#................###......#
#..........).......)......#
#...............@##.......#
#...............#@........#
#............#..##..#.....#
#..........#.#..##..#.....#
#..........#..(>......#.###
...........#..#..#.####.#
##.#.......#..#..#.# #.##
##.#.#.....#..#########..#
...#.....###..........#..#


You could see Edmund.

Vanquished Creatures
  A centaur skeleton (D:4)
  3 adders
  4 orcs
  3 ball pythons
  4 bats
  7 endoplasms
  3 giant cockroaches (D:1)
  5 hobgoblins
  5 kobolds
  3 quokkas
  3 frilled lizards (D:1)
  5 goblins
  4 rats
50 creatures vanquished.

Notes
Turn   | Place    | Note
-------+----------+-------------------------------------------
     0 | D:1      | mandarbmax the Ogre Arcane Marksman began the quest for the
                  | Orb.
     0 | D:1      | Reached XP level 1. HP: 19/19 MP: 2/2
    66 | D:1      | Reached XP level 2. HP: 24/27 MP: 2/4
   359 | D:1      | Found a faded altar of an unknown god.
   513 | D:1      | Reached XP level 3. HP: 35/35 MP: 5/5
   574 | D:1      | Learned a level 3 spell: Portal Projectile
   778 | D:2      | Found Gossucije's Distillery.
   836 | D:2      | Bought a potion of degeneration for 10 gold pieces
  1753 | D:3      | Reached XP level 4. HP: 16/44 MP: 5/7
  2487 | D:4      | Noticed Edmund
  2792 | D:3      | Slain by Edmund

Illustrated notes

Levels and vault maps discovered:
D:1:      scummos_arrival_hexagon, layout_rooms,
          hellmonk_ecumenical_altar_heavens_door, chequers_serial_rivers_small_b
D:2:      layout_basic, serial_shops, nicolae_shop_waterfront
D:3:      layout_basic, serial_glass, glass_columns_c, glass_columns_a
D:4:      cheibrodos_barr_body, layout_rooms, mainiacjoe_overflow_paths,
          biasface_ghost_orc_armoury, guppyfry_early_orc_mine, uniq_sigmund,
          uniq_crazy_yiuf_cottage, uniq_edmund

Skill      XL: |  1  2  3  4 |
---------------+-------------+-----
Fighting       | 2 3 |  3.2
Dodging        | 2 |  2.0
Hexes          | 3 |  3.0
Spellcasting   | 2 |  2.0
Throwing       | 3 |  3.6

Action                   |  1- 3 |  4- 6 || total
-------------------------+-------+-------++-------
Melee: Dagger            |    95 |    54 ||   149
Throw: Large rock        |    15 |     9 ||    24
       Javelin           |    18 |     7 ||    25
       Dart              |       |     7 ||     7
 Cast: Corona            |     3 |     4 ||     7
Evoke: Wand              |     2 |       ||     2
  Use: Potion            |     3 |       ||     3
       Scroll            |     1 |       ||     1
Armor: Robe              |    27 |    25 ||    52
Dodge: Dodged            |    63 |    27 ||    90

Table legend: (Time is in decaauts)
 A = Elapsed time spent in this place.
 B = Non-inter-level travel time spent in this place.
 C = Inter-level travel time spent in this place.
 D = Time resting spent in this place.
 E = Time spent auto-exploring this place.
 F = Levels seen in this place.
 G = Mean time per level.
                   A        B        C        D        E       F      G
               +--------+--------+--------+--------+--------+-----+--------+
         Total |   2821 |   2739 |     82 |    489 |   1811 |   4 |  705.2 |
       Dungeon |   2821 |   2739 |     82 |    489 |   1811 |   4 |  705.2 |
               +--------+--------+--------+--------+--------+-----+--------+

Top non-repeatable levels by time:
     D:3: 1128 daAuts
     D:1: 777 daAuts
     D:2: 764 daAuts
     D:4: 151 daAuts
